 Dungeon Crawl Stone Soup version 0.28-a0-1033-g1a2f33fa85 (webtiles) character file.

Game seed: 16267068813220386291

19188 freelancePsychic the Nimble (level 12, -4/120 HPs)
             Began as a Tengu Summoner on Dec 7, 2021.
             Was a Priest of Ashenzari.
             Slain by a large abomination (32 damage)
             ... on level 3 of the Abyss.
             The game lasted 00:53:34 (18722 turns).

freelancePsychic the Nimble (Tengu Summoner)       Turns: 18722, Time: 00:53:34

Health: -4/120     AC:  6    Str:  8      XL:     12   Next: 66%
Magic:  13/25      EV: 20    Int: 21      God:    Ashenzari [***...]
Gold:   1303       SH:  5    Dex: 13 (15) Spells: 17/28 levels left

rFire   + + +      SeeInvis +   x - staff of conjuration (curse) {Comp, Range}
rCold   + . .      Faith    .   u - +0 buckler "At What Cost Knowledge?" {Range, Comp} (curse)
rNeg    + . .      Spirit   .   y - +1 troll leather armour
rPois   .          Reflect  .   G - +1 hat of the Wild Blue Yonder {rF++ rN+, Cun, Comp} (curse)
rElec   .          Harm     .   (no cloak)
rCorr   .          Rampage  .   (no gloves)
Will    .....      Clarity  +   (boots unavailable)
Stlth   ..........              (no amulet)
HPRegen 1.10/turn               e - ring "Revealing Repose" {rF+, Bglg, Comp} (curse)
MPRegen 0.19/turn               w - ring of Apeoromancy {rC+, Comp, Melee} (curse)

@: berserking, flying quickly and evasively, very quick
A: beak, talons 3, nimble flight
a: Renounce Religion, Shatter the Chains


You were on level 3 of the Abyss.
You worshipped Ashenzari.
Ashenzari was most pleased with you.
You visited 3 branches of the dungeon, and saw 14 of its levels.
You visited the Abyss 1 time.
You also visited: Ossuary.

You collected 1562 gold pieces.
You spent 259 gold pieces at shops.

Inventory:

Hand Weapons
 d - a +1 quarterstaff of draining
Missiles
 j - 2 throwing nets
Armour
 u - the cursed +0 buckler "At What Cost Knowledge?" (worn) {Range, Comp}
   (You found it on level 6 of the Dungeon)

   It has a curse which improves the following skills: Ranged Combat: Slings,
   Bows, Crossbows and Throwing.
   Companions: Summonings and Necromancy.
 y - a +1 troll leather armour (worn)
 G - the cursed +1 hat of the Wild Blue Yonder (worn) {rF++ rN+, Cun, Comp}
   (You found it on level 2 of the Orcish Mines)

   rF:        It greatly protects you from fire.
   rN:        It protects you from negative energy.
   It has a curse which improves the following skills: Cunning: Dodging and
   Stealth.
   Companions: Summonings and Necromancy.
Magical Staves
 x - a cursed staff of conjuration (weapon) {Comp, Range}
Jewellery
 e - the cursed ring "Revealing Repose" (left hand) {rF+, Bglg, Comp}
   (You found it on level 1 of the Dungeon)

   [ring of protection from fire]

   rF:        It protects you from fire.
   It has a curse which improves the following skills: Beguiling: Conjurations,
   Hexes and Translocations.
   Companions: Summonings and Necromancy.
 s - a ring of ice
 w - the cursed ring of Apeoromancy (right hand) {rC+, Comp, Melee}
   (You found it on level 6 of the Dungeon)

   [ring of protection from cold]

   rC:        It protects you from cold.
   It has a curse which improves the following skills: Companions: Summonings
   and Necromancy.
   Melee Combat: Short Blades, Long Blades, Axes, Maces & Flails, Polearms,
   Staves and Unarmed Combat.
Wands
 h - a wand of paralysis (8)
 A - a wand of flame (37)
 F - a wand of charming (7)
Scrolls
 b - a scroll of fog
 f - 4 scrolls of blinking
 g - a scroll of silence
 k - a scroll of immolation
 n - 3 scrolls of fear
 p - 2 scrolls of noise
 t - 2 scrolls of summoning
 z - a scroll of magic mapping
 C - 4 scrolls of enchant weapon
 E - a scroll of teleportation {@r4}
 I - a scroll of holy word
Potions
 l - 3 potions of curing {@q1}
 m - a potion of flight
 o - a potion of might
 q - 3 potions of magic
 r - 3 potions of haste {@q3}
 v - 2 potions of ambrosia
 B - a potion of brilliance
 H - a potion of mutation


   Skills:
 - Level 11.1 Fighting
 - Level 12.2(14.1) Dodging
 - Level 2.0(3.4) Stealth
 - Level 4.0 Shields
 + Level 8.7 Spellcasting
 - Level 0.8(1.8) Hexes
 - Level 8.2(13.8) Summonings
 + Level 1.6(3.0) Translocations
 - Level 6.4 Air Magic
 - Level 4.0 Evocations


You had 17 spell levels left.
You knew the following spells:

 Your Spells              Type           Power      Damage    Failure   Level
a - Summon Small Mammal   Summ           100%       N/A       1%          1
b - Call Canine Familiar  Summ           61%        N/A       1%          3
c - Summon Guardian Gole  Hex/Summ       42%        N/A       1%          3
d - Summon Lightning Spi  Summ/Air       51%        N/A       1%          4

Your spell library contained the following spells:

 Spells                   Type           Power      Damage    Failure   Level
 Call Imp                 Summ           61%        N/A       1%          2
 Blink                    Tloc           42%        N/A       4%          2
 Magic Dart               Conj           60%        1d6       10%         1
 Lesser Beckoning         Tloc           21%        N/A       10%         3
 Sandblast                Erth           18%        2d7       11%         1
 Ensorcelled Hibernation  Hex/Ice        26%        N/A       11%         2
 Mephitic Cloud           Conj/Pois/Air  27%        N/A       13%         3
 Passwall                 Tmut/Erth      7%         N/A       16%         2
 Tukima's Dance           Hex            17%        N/A       16%         3
 Stone Arrow              Conj/Erth      28%        3d8       30%         3
 Iskenderun's Mystic Bla  Conj/Tloc      24%        2d7       50%         4
 Fulminant Prism          Conj/Hex       10%        3d9       56%         4
 Manifold Assault         Tloc           21%        N/A       65%         5
 Lee's Rapid Deconstruct  Erth           4%         3d6*      96%         5


Dungeon Overview and Level Annotations

Branches:
Dungeon (11/15)            Temple (1/1) D:5            Lair (0/6) D:11
    Orc (2/2) D:10            Elf (0/3) Orc:2       Ossuary (visited)

Altars:
Ashenzari
Cheibriados
Dithmenos
Elyvilon
Fedhas
Gozag
Hepliaklqana
Kikubaaqudgha
Makhleb
Nemelex Xobeh
Okawaru
Qazlal
Ru
Sif Muna
Trog
Uskayaw
Vehumet
Wu Jian
Xom
Yredelemnul
Zin
The Shining One

Shops:
D:3 (   D:5 [   Orc:1 =   Orc:2 ((**!*


Innate Abilities, Weirdness & Mutations

You have a beak for a mouth.
You have claws for feet.
Your magical nature lets you fly swiftly and evasively.


Message History

Confirm with . or Enter, or press ? or * to list all spells.
An electric hum fills the air.
Your lightning spire disappears in a puff of smoke!
The large abomination hits your lightning spire!!
Your lightning spire is destroyed!
Your lightning spire disappears in a puff of smoke!
Casting: Summon Lightning Spire (dangerous; 1% risk of failure)
Confirm with . or Enter, or press ? or * to list all spells.
An electric hum fills the air.
You barely miss the large abomination. The large abomination hits you!!
You hit the large abomination.
You claw the large abomination, but do no damage.
The large abomination is lightly damaged.
The large abomination completely misses you.
You hit the large abomination but do no damage.
The large abomination is lightly damaged.
You block the large abomination's attack.
You hit the large abomination but do no damage.
The large abomination is lightly damaged.
The large abomination completely misses you.
You hit the large abomination but do no damage.
You claw the large abomination.
The large abomination is lightly damaged.
The large abomination hits you.
A red film seems to cover your vision as you go berserk!
You feel yourself moving faster!
You feel mighty! The large abomination hits you!!
You hit the large abomination but do no damage.
The large abomination is lightly damaged.
You hit the large abomination. You claw the large abomination.
The large abomination is moderately damaged.
The large abomination hits you!!!
* * * LOW HITPOINT WARNING * * *
You barely miss the large abomination. You peck the large abomination.
The large abomination is moderately damaged.
You completely miss the large abomination.
You claw the large abomination. You peck the large abomination.
The large abomination is heavily damaged.
The large abomination hits you!!
You die...

* ,* ,#..* . *
* , # # * ,#
.# . # ,* , #.
. ... # , *
,.#*∆ .. .#
*,####. , .*.
. * * *, ,
#8#.*## .. .,
* , ##X#.# .,.
# ..* , , * ,*
#@#.#.# .. ,
*,####X#. ..
.# # ,*,, .
.#..>.# ., , *
## ...##.## ,
# , ,
##..#.####.# ,
* ,,
#..#...##.##,#
# *#. , , ####
.. . .*## #
#.. * , ,#.. .
..#. .# *
*...#.#.#....
#. #


You could see a large abomination (ally target) and a friendly lightning spire
(summoned).

Vanquished Creatures
  An orc sorcerer (Orc:2)
  A water moccasin (D:6)
  A black bear (D:4)
  A bullfrog (D:7)
  A scorpion (D:7)
  An elf skeleton (D:8)
  A howler monkey (D:4)
  An orc priest (Orc:2)
  A jelly (D:7)
  A centaur skeleton (D:6)
  A human skeleton (D:8)
  3 orc wizards
  A mummy (Ossuary)
  6 gnolls
  3 adders
  2 dart slugs (D:1)
  9 orcs
  3 ball pythons
  3 endoplasms
  2 giant cockroaches
  5 goblins
  3 hobgoblins
  A jackal (D:1)
  6 kobolds
  3 quokkas
  6 bats
  A frilled lizard (D:1)
  5 rats
73 creatures vanquished.

Vanquished Creatures (collateral kills)
  Fannar (D:10)
  Erica (D:8)
  An orc high priest (Orc:2)
  Sonja (D:10)
  A wizard (D:11)
  An orc knight (Orc:2)
  3 deep elf pyromancers
  3 orc sorcerers (Orc:2)
  An oklob plant (D:11)
  A manticore (D:11)
  2 cyclopes
  An ugly thing (D:11)
  Maggie (D:9)
  3 trolls
  A meliai zombie (D:11)
  6 yaks
  A wyvern (D:9)
  3 fire elementals (D:11)
  6 vampire mosquitoes
  3 wargs
  An acid dragon (D:8)
  A sky beast (D:8)
  19 orc warriors
  A swamp drake (Orc:2)
  A necrophage (D:5)
  An ogre (Orc:2)
  2 centaurs
  2 phantoms
  A bullfrog (D:8)
  3 kobold brigands
  A gnoll sergeant (D:5)
  2 elf skeletons (D:8)
  A scorpion (D:7)
  2 killer bees (D:7)
  6 howler monkeys
  A crimson imp (Orc:2)
  A quasit (Abyss:3)
  2 centaur zombies
  16 orc priests
  2 jellies
  A centaur skeleton (D:6)
  2 human zombies
  3 gnoll shamans
  3 iguanas
  An iron imp (Orc:2)
  A bullfrog skeleton (D:5)
  34 orc wizards
  2 howler monkey zombies
  3 mummies (Ossuary)
  14 gnolls
  3 adders
  2 shadow imps
  A white imp (Orc:2)
  2 ufetubi
  A worm (D:2)
  A dart slug (D:1)
  79 orcs
  3 ball pythons
  7 endoplasms
  A giant cockroach (D:4)
  3 gnoll zombies (Ossuary)
  2 goblins
  A hobgoblin (D:1)
  A jackal (D:1)
  24 kobolds
  2 quokkas
  5 bats
  A frilled lizard (D:3)
  A goblin zombie (Ossuary)
  2 hobgoblin zombies (Ossuary)
  2 jackal zombies (Ossuary)
  2 kobold zombies (Ossuary)
  An orc skeleton (D:8)
  A rat zombie (Ossuary)
319 creatures vanquished.

Vanquished Creatures (others)
  An orc knight (Orc:2)
  A vampire mosquito (D:7)
  2 orc warriors
  2 kobold brigands
  3 killer bees (D:7)
  A gnoll shaman (D:3)
  An orc priest (Orc:2)
  A hound (D:5)
  An iguana (D:5)
  Terence (D:3)
  An orc wizard (D:10)
  3 gnolls
  An orc (D:10)
  3 plants (D:11)
22 creatures vanquished.

Grand Total: 414 creatures vanquished

Notes
Turn   | Place    | Note
-------+----------+-------------------------------------------
     0 | D:1      | freelancePsychic the Tengu Summoner began the quest for the
                  | Orb.
     0 | D:1      | Reached XP level 1. HP: 10/10 MP: 4/4
   109 | D:1      | Reached skill level 5 in Summonings
   152 | D:1      | Reached XP level 2. HP: 15/15 MP: 3/6
   422 | D:1      | Found a faded altar of an unknown god.
   691 | D:1      | Reached XP level 3. HP: 19/19 MP: 4/7
   972 | D:1      | Learned a level 3 spell: Call Canine Familiar
  1584 | D:2      | Reached skill level 1 in Air Magic
  1876 | D:2      | Reached XP level 4. HP: 22/24 MP: 9/9
  2258 | D:3      | Noticed a kobold brigand
  2315 | D:3      | Learned a level 3 spell: Summon Guardian Golem
  2381 | D:3      | Noticed Terence
  2404 | D:3      | Killed Terence
  2519 | D:3      | Gained mutation: Your magical nature lets you fly swiftly
                  | and evasively. [Tengu growth]
  2519 | D:3      | Reached XP level 5. HP: 28/28 MP: 10/10
  2611 | D:3      | Found Moisuiha's Antique Weapon Shoppe.
  3214 | D:3      | Killed a kobold brigand
  3215 | D:3      | Reached XP level 6. HP: 17/32 MP: 7/12
  3838 | D:4      | Noticed a black bear
  3886 | D:4      | Killed a black bear
  4075 | D:4      | Reached XP level 7. HP: 36/36 MP: 10/14
  4634 | D:4      | Learned a level 4 spell: Summon Lightning Spire
  5710 | D:5      | Entered Level 5 of the Dungeon
  5719 | D:5      | Reached skill level 5 in Air Magic
  5773 | D:5      | Found a white marble altar of Elyvilon.
  5981 | D:5      | Found a staircase to the Ecumenical Temple.
  5993 | Temple   | Entered the Ecumenical Temple
  6332 | Temple   | Became a worshipper of Ashenzari the Shackled
  6409 | D:5      | Reached skill level 5 in Spellcasting
  6632 | D:5      | Reached XP level 8. HP: 22/41 MP: 4/16
  7209 | D:5      | Found Galeana's Antique Armour Shop.
  7434 | D:5      | Bought a glowing scarf for 232 gold pieces
  7609 | D:6      | Reached skill level 1 in Fighting
  7825 | D:6      | Reached skill level 3 in Dodging
  8344 | D:7      | Reached skill level 4 in Dodging
  8346 | D:7      | Reached XP level 9. HP: 35/50 MP: 5/19
  8519 | D:7      | Reached * piety under Ashenzari
  8772 | D:7      | Paralysed by something for 6 turns
  9466 | D:7      | Reached skill level 5 in Dodging
  9589 | D:7      | Reached ** piety under Ashenzari
  9929 | D:8      | Reached skill level 5 in Fighting
  9929 | D:8      | Reached skill level 6 in Dodging
 10425 | D:8      | Found a sand-covered staircase.
 10432 | Ossuary  | Entered an ossuary
 10579 | Ossuary  | Identified the +3 great mace of Watchfulness {vamp, *Rage
                  | rCorr Stlth+}
 10670 | Ossuary  | Reached *** piety under Ashenzari
 10948 | D:8      | Reached skill level 1 in Shields
 11060 | D:8      | Noticed Erica
 11075 | D:8      | Killed Erica
 11076 | D:8      | Reached skill level 7 in Dodging
 11076 | D:8      | Reached XP level 10. HP: 50/64 MP: 11/23
 11885 | D:9      | Noticed Maggie
 11905 | D:9      | Killed Maggie
 11936 | D:9      | Reached skill level 8 in Dodging
 12939 | D:9      | Reached skill level 9 in Dodging
 13527 | D:10     | Entered Level 10 of the Dungeon
 13725 | D:10     | Reached skill level 1 in Evocations
 13725 | D:10     | Reached XP level 11. HP: 72/72 MP: 16/24
 13797 | D:10     | Noticed Sonja
 13810 | D:10     | Killed Sonja
 13834 | D:10     | Noticed Fannar
 13862 | D:10     | Killed Fannar
 14574 | D:10     | Found a staircase to the Orcish Mines.
 14596 | Orc:1    | Entered Level 1 of the Orcish Mines
 14625 | Orc:1    | Found Ilu Efoth's Jewellery Shop.
 14762 | Orc:1    | Reached skill level 10 in Dodging
 14993 | Orc:2    | Entered Level 2 of the Orcish Mines
 15000 | Orc:2    | Found a staircase to the Elven Halls.
 15472 | Orc:2    | Noticed a deep elf pyromancer
 15472 | Orc:2    | Noticed a deep elf pyromancer
 15536 | Orc:2    | Killed a deep elf pyromancer
 15620 | Orc:2    | Killed a deep elf pyromancer
 15742 | Orc:2    | Identified the +1 hat of Dithmenos's Approval {rF++ rN+}
 15774 | Orc:2    | Noticed an orc knight
 15792 | Orc:2    | Killed an orc knight
 15937 | Orc:2    | Found Vuilamm's General Store.
 15942 | Orc:2    | Noticed a cyclops
 15962 | Orc:2    | Killed a cyclops
 15963 | Orc:2    | Reached skill level 11 in Dodging
 16242 | Orc:2    | Reached skill level 10 in Fighting
 16448 | Orc:2    | Noticed an orc knight
 16458 | Orc:2    | Killed an orc knight
 16612 | Orc:2    | Reached XP level 12. HP: 74/81 MP: 18/26
 16843 | Orc:2    | Noticed a soul eater
 16850 | Orc:2    | Noticed an orc high priest
 16862 | Orc:2    | Killed an orc high priest
 16867 | Orc:2    | Paralysed by an orc sorcerer for 3 turns
 17083 | Orc:2    | Noticed a soul eater
 17575 | Orc:2    | Found Sequm's Antique Weapon Emporium.
 17575 | Orc:2    | Found Qosicug's Assorted Antiques.
 17576 | Orc:2    | Found Qozuv's Distillery.
 17580 | Orc:2    | Found Ibasur's Assorted Antiques.
 17619 | Orc:2    | Bought a ruby potion for 27 gold pieces
 17687 | Orc:2    | Found Yjeten's Weapon Emporium.
 17806 | D:11     | Reached **** piety under Ashenzari
 17825 | D:11     | Reached skill level 12 in Dodging
 18244 | D:11     | Found a staircase to the Lair.
 18377 | D:11     | Identified the Compendium of Mutagenic Poison
 18390 | D:11     | Reached skill level 1 in Translocations
 18483 | D:11     | Cast into level 3 of the Abyss (a wizard)
 18522 | Abyss:3  | Noticed a starcursed mass
 18536 | Abyss:3  | Found a corrupted altar of Lugonu.
 18538 | Abyss:3  | Noticed a green very ugly thing
 18633 | Abyss:3  | Found a corrupted altar of Lugonu.
 18649 | Abyss:3  | Identified the +5 whip "Teadoxexoy" {drain, Dex+5}
 18722 | Abyss:3  | Slain by a large abomination

Illustrated notes

Levels and vault maps discovered:
D:1:      sevenhm_arrival_forest_fort_large_4, layout_loops_ring,
          basic_ecumenical_altar, hangedman_decor_push, minmay_hexomino_f4
D:2:      layout_rooms
D:3:      layout_basic, serial_shops, nicolae_shop_behind_doors, uniq_terence
D:4:      layout_layer_cave
D:5:      layout_cave_pods, overflow_temple_1_default,
          minmay_temple_entry_drinking_statues, serial_shops,
          nicolae_shop_advertising_works [nicolae_subvault_shop_adworks],
          grunt_ministairs_6, solitary_fountain, minivault_14
D:6:      layout_loops_ring, serial_glass, glass_columns_a, glass_columns_c,
          item_on_display_a, item_on_display_a
D:7:      layout_cave_pods
D:8:      layout_layer_cave, nicolae_ossuary_entry_catacombs, uniq_erica
D:9:      layout_cave_pools, uniq_maggie
D:10:     layout_roguey, hiddenorc1_lemuel, uniq_fannar, uniq_sonja
D:11:     cheibrodos_lost_city_excavation, layout_basic, dpeg_oklobed_lair
Temple:   mainiacjoe_temple_circle_huts
Orc:1:    layout_caves, serial_shops, nicolae_shop_trees
Orc:2:    st_orc_mages, layout_caves, serial_shops,
          nicolae_shop_window_shopping, shop, hangedman_minor_magic
Abyss:3:  base: Lair:6, gammafunk_abyss_exit_x_factor,
          eino_small_chamber_without_monster, nicolae_abyss_rune_star_stuff,
          grunt_abyss_rune_wretched_hive, evilmike_abyss_rune_siren_acolytes

Skill      XL: |  1  2  3  4  5  6  7  8  9 10 11 12 |
---------------+-------------------------------------+-----
Summonings     | 5 6 7 8 |  8.2
Air Magic      | 1 2 3 4 5 6 |  6.4
Spellcasting   | 3 4 5 6 7 8 |  8.7
Fighting       | 3 6 8 10 11 | 11.1
Dodging        | 4 7 9 11 12 | 12.2
Shields        | 2 4 |  4.0
Evocations     | 1 4 |  4.0
Translocations | 1 |  1.6
Stealth        | |  2.0
Hexes          | |  0.8

Action                   |  1- 3 |  4- 6 |  7- 9 | 10-12 || total
-------------------------+-------+-------+-------+-------++-------
Melee: Unarmed           |     6 |       |       |       ||     6
       Peck              |    10 |     1 |    10 |    18 ||    39
       Kick              |     5 |     6 |    21 |    33 ||    65
       Quarterstaff      |    47 |    37 |    48 |       ||   132
       Staff             |       |       |    49 |   123 ||   172
 Cast: Summon Small Mamm |    29 |     4 |     1 |     7 ||    41
       Call Canine Famil |     3 |    18 |    46 |    76 ||   143
       Summon Guardian G |       |    10 |    26 |    23 ||    59
       Summon Lightning  |       |       |    18 |    75 ||    93
Invok: Curse Item        |       |       |     4 |     2 ||     6
       Shatter the Chain |       |       |       |     1 ||     1
Evoke: Wand              |       |       |       |     6 ||     6
  Use: Scroll            |     2 |     5 |     2 |     6 ||    15
       Potion            |       |     2 |     1 |     6 ||     9
 Stab: Sleeping          |     2 |     1 |     2 |       ||     5
       Distracted        |       |       |     4 |     2 ||     6
Armor: Robe              |    14 |    10 |     6 |    13 ||    43
       Troll leather arm |       |       |       |    16 ||    16
Dodge: Dodged            |    49 |    50 |   108 |   288 ||   495
Block: Buckler           |       |       |     3 |    68 ||    71

Table legend: (Time is in decaauts)
 A = Elapsed time spent in this place.
 B = Non-inter-level travel time spent in this place.
 C = Inter-level travel time spent in this place.
 D = Time resting spent in this place.
 E = Time spent auto-exploring this place.
 F = Levels seen in this place.
 G = Mean time per level.
                   A        B        C        D        E       F      G
               +--------+--------+--------+--------+--------+-----+--------+
         Total |  18020 |  17419 |    601 |   1118 |  12836 |  16 | 1126.2 |
       Dungeon |  14087 |  13581 |    506 |    787 |  10485 |  11 | 1280.6 |
        Temple |    324 |    281 |     43 |      0 |    252 |   1 |  324.0 |
  Orcish Mines |   3083 |   3031 |     52 |    329 |   1860 |   2 | 1541.5 |
         Abyss |    228 |    228 |      0 |      2 |     63 |   1 |  228.0 |
       Ossuary |    296 |    296 |      0 |      0 |    174 |   1 |  296.0 |
               +--------+--------+--------+--------+--------+-----+--------+

Top non-repeatable levels by time:
   Orc:2: 2555 daAuts
     D:8: 2088 daAuts
     D:7: 1602 daAuts
     D:3: 1560 daAuts
     D:1: 1513 daAuts
     D:4: 1466 daAuts
     D:5: 1330 daAuts
     D:9: 1084 daAuts
    D:10: 1036 daAuts
     D:2: 1032 daAuts
     D:6: 692 daAuts
    D:11: 680 daAuts
   Orc:1: 528 daAuts
  Temple: 324 daAuts
 Ossuary: 296 daAuts
